 Dungeon Crawl Stone Soup version 0.29-a0-284-gf9362112df (webtiles) character file.

Game seed: 8799123907886359250

1059 siradein the Skirmisher (level 8, -2/70 HPs)
             Began as a Yellow Draconian Fighter on Mar 25, 2022.
             Slain by a howler monkey (4 damage)
             ... on level 9 of the Dungeon.
             The game lasted 00:13:34 (7258 turns).

siradein the Skirmisher (Yellow Draconian Fighter)  Turns: 7258, Time: 00:13:35

Health: -2/70      AC:  7    Str: 18    XL:     8   Next: 6%
Magic:  7/7        EV: 13    Int:  8    God:
Gold:   143        SH:  5    Dex: 14    Spells: 7/7 levels left

rFire   . . .      SeeInvis +   a - +0 long sword
rCold   . . .      Faith    .   b - +0 buckler
rNeg    . . .      Spirit   .   (body armour unavailable)
rPois   .          Reflect  .   (helmet restricted)
rElec   .          Harm     .   i - +0 cloak
rCorr   +          Rampage  .   (no gloves)
Will    +....      Rnd*Tele +   (no boots)
Stlth   +.........              x - amulet of magic regeneration
HPRegen 0.21/turn               e - ring of willpower
MPRegen 0.50/turn               t - ring of see invisible

@: very slow
A: spit acid, AC +6, unfitting armour, cold-blooded, acid resistance, low MP 1,
teleportitis 1, wild magic 1
a: Breathe Acid


You were on level 9 of the Dungeon.
You visited 1 branch of the dungeon, and saw 7 of its levels.

You collected 287 gold pieces.
You spent 144 gold pieces at shops.

Inventory:

Hand Weapons
 a - a +0 long sword (weapon)
Missiles
 d - 184 stones
 l - 8 poisoned darts (quivered)
 m - a curare-tipped dart
Armour
 b - a +0 buckler (worn)
 i - a +0 cloak (worn)
Jewellery
 e - a ring of willpower (left hand)
 o - a ring of ice
 t - a ring of see invisible (right hand)
 x - an amulet of magic regeneration (around neck)
Wands
 j - a wand of digging (3)
 q - a wand of flame (11)
 w - a wand of charming (6)
Scrolls
 f - 2 scrolls of teleportation
 g - 2 scrolls of torment
 h - 3 scrolls of blinking
 n - a scroll of fog
 p - 2 scrolls of fear
 v - 2 scrolls of identify
Potions
 c - 2 potions of might
 k - 2 potions of curing
 r - 2 potions of flight
 s - 4 potions of heal wounds
 u - a potion of ambrosia


   Skills:
 + Level 6.1 Fighting
 + Level 5.0 Long Blades
 + Level 5.0 Dodging
 + Level 5.5 Shields


You had 7 spell levels left.
You didn't know any spells.
Your spell library was empty.

Dungeon Overview and Level Annotations

Branches:
Dungeon (6/15)
 Temple: D:4-7

Altars:
Dithmenos
The Shining One

Shops:
D:1 (   D:4 ?

Annotations:
D:4 3 runed translucent doors, Cheivey's ghost, novice TrBr


Innate Abilities, Weirdness & Mutations

You can spit globs of acid.
Your golden yellow scales are hard. (AC +6)
You cannot fit into any form of body armour.
You are cold-blooded and may be slowed by cold attacks.
You are resistant to acid. (rCorr)
Your magical capacity is low. (-10% MP)
You are occasionally teleported next to monsters.
Your spells are a little harder to cast, but a little more powerful.


Message History

Found 13 gold pieces.
Okay, then.
Found a robe.
Found a stone staircase leading down.
An electric eel comes into view.
The electric eel shoots out a bolt of lightning at you!
The bolt of electricity hits you!
An electric eel comes into view.
The electric eel moves out of view.
An electric eel comes into view.
The electric eel shoots out a bolt of lightning at you!
The bolt of electricity hits the plant!
The plant begins to die.
The bolt of electricity hits the plant!
The plant begins to die.
The bolt of electricity hits you!
The electric eel shoots out a bolt of lightning at you!
The bolt of electricity hits the plant!
The bolt of electricity hits you!
A howler monkey comes into view.
The electric eel shoots out a bolt of lightning at you!
The bolt of electricity hits the plant!
The bolt of electricity hits you.
The electric eel shoots out a bolt of lightning at you!
The bolt of electricity hits the plant.
The plant begins to die.
The bolt of electricity hits you.
The electric eel shoots out a bolt of lightning at you!
The bolt of electricity hits you!
The howler monkey howls!
The electric eel shoots out a bolt of lightning at you!
The bolt of electricity hits the plant!
The plant begins to die.
The bolt of electricity hits you.
A nearby plant withers and dies. x2
The electric eel shoots out a bolt of lightning at you!
The bolt of electricity hits the plant!
The plant begins to die.
The bolt of electricity hits you!
* * * LOW HITPOINT WARNING * * *
The electric eel shoots out a bolt of lightning at you!
The bolt of electricity hits the plant!
The bolt of electricity hits you!
* * * LOW HITPOINT WARNING * * *
You enter the shallow water.
Moving in this stuff is going to be slow.
The howler monkey hits you.
You die...

.................≈≈≈≈≈.
..##........##..PPS≈≈≈..
.#...........##.≈≈≈≈≈≈..
.............T#z.P≈≈≈≈.#
.................≈≈≈≈≈.#
.............#..≈≈≈≈≈≈..
............>##..≈.≈≈≈.#
.............##..P≈≈≈≈.#
.. #.@.≈≈S#. . #h.#≈≈≈#
....#≈≈≈# ##...##≈≈#
##### ≈≈# ≈#


You could see a troll, a howler monkey, 2 electric eels and a wight.

Vanquished Creatures
  A water moccasin (D:5)
  3 ogres (D:5)
  A kobold brigand (D:3)
  Blork the orc (D:4)
  A bullfrog (D:3)
  2 jellies
  A gnoll shaman (D:3)
  2 hounds
  2 iguanas
  10 adders
  11 gnolls
  A shadow imp (D:5)
  A white imp (D:5)
  2 worms
  3 dart slugs
  An orc (D:5)
  12 ball pythons
  3 endoplasms
  2 giant cockroaches
  8 goblins
  7 hobgoblins
  4 jackals (D:1)
  7 quokkas
  6 bats
  4 frilled lizards
  10 kobolds
  4 rats
110 creatures vanquished.

Vanquished Creatures (others)
  2 plants (D:9)
2 creatures vanquished.

Grand Total: 112 creatures vanquished

Notes
Turn   | Place    | Note
-------+----------+-------------------------------------------
     0 | D:1      | siradein the Draconian Fighter began the quest for the Orb.
     0 | D:1      | Reached XP level 1. HP: 19/19 MP: 1/1
   172 | D:1      | Reached XP level 2. HP: 26/26 MP: 2/2
   669 | D:1      | Reached XP level 3. HP: 33/33 MP: 3/3
   751 | D:1      | Found Jyvail's Antique Weapon Shoppe.
  1627 | D:2      | Found a faded altar of an unknown god.
  2079 | D:2      | Reached XP level 4. HP: 33/40 MP: 4/4
  2510 | D:3      | Reached skill level 4 in Fighting
  2912 | D:3      | Noticed a kobold brigand
  2926 | D:3      | Killed a kobold brigand
  2927 | D:3      | Reached XP level 5. HP: 27/47 MP: 5/5
  3620 | D:3      | Reached XP level 6. HP: 27/53 MP: 6/6
  4225 | D:3      | Gained mutation: Your magical capacity is low. (-10% MP)
                  | [potion of mutation]
  4225 | D:3      | Gained mutation: You are occasionally teleported next to
                  | monsters. [potion of mutation]
  4225 | D:3      | Gained mutation: Your spells are a little harder to cast,
                  | but a little more powerful. [potion of mutation]
  5105 | D:4      | Reached skill level 5 in Fighting
  5126 | D:4      | Noticed Cheivey's ghost (novice TrBr)
  5140 | D:4      | Noticed Blork the orc
  5277 | D:4      | Killed Blork the orc
  5286 | D:4      | Found a runed translucent gate.
  5286 | D:4      | Found a runed translucent gate.
  5289 | D:4      | Found a runed translucent gate.
  5498 | D:4      | Found Xoxacsog's Magic Scroll Shop.
  5503 | D:4      | Bought a scroll of identify for 24 gold pieces
  5503 | D:4      | Bought a scroll of identify for 24 gold pieces
  5503 | D:4      | Bought a scroll of identify for 24 gold pieces
  5503 | D:4      | Bought a scroll of identify for 24 gold pieces
  5503 | D:4      | Bought a scroll of identify for 24 gold pieces
  5503 | D:4      | Bought a scroll of identify for 24 gold pieces
  5694 | D:4      | Your scales start taking on a golden yellow colour.
  5694 | D:4      | Reached XP level 7. HP: 58/61 MP: 6/6
  5694 | D:4      | Gained mutation: You are resistant to acid. (rCorr) [Yellow
                  | Draconian growth]
  6063 | D:5      | Entered Level 5 of the Dungeon
  6188 | D:5      | Reached skill level 5 in Shields
  7000 | D:5      | Found a glowing golden altar of the Shining One.
  7017 | D:5      | Reached skill level 6 in Fighting
  7017 | D:5      | Reached skill level 5 in Dodging
  7017 | D:5      | Reached XP level 8. HP: 61/70 MP: 7/7
  7052 | D:5      | Reached skill level 5 in Long Blades
  7133 | D:5      | Found a shadowy altar of Dithmenos.
  7220 | D:6      | You fall into a shaft and drop 3 floors!
  7220 | D:9      | Noticed a troll
  7257 | D:9      | HP: 2/70 [electric eel/bolt of electricity (14)]
  7258 | D:9      | Slain by a howler monkey

Illustrated notes

Levels and vault maps discovered:
D:1:      kennysheep_arrival_forest, layout_basic, serial_shops,
          nicolae_shop_crystal
D:2:      layout_loops_cross, ebering_ecumenical_altar_mist
D:3:      layout_basic, minmay_between
D:4:      layout_cave_pools, gammafunk_ghost_split, serial_co_window_serial,
          co_window_paths_a, co_window_of_opportunity_a, co_window_corner_a,
          co_window_cross_1, co_window_corner_a, co_window_unsneaky_path_a,
          co_window_broadway_c, co_window_corner_b, co_window_corner_b,
          co_window_cross_2, co_window_unsneaky_path_d, co_window_paths_d,
          co_window_paths_e, glass_columns_b, glass_columns_b, glass_columns_a,
          glass_columns_b, serial_shops, kennysheep_little_box,
          kennysheep_generic_room_2, uniq_blork_the_orc
D:5:      layout_loops_ring, mainiacjoe_overflow_two_lobes
D:6:      layout_loops_cross, minmay_temple_entry_waves
D:9:      layout_cave_pods, fedhas_altar_4, amcnicky_altar_gilded, orc_0_dummy,
          chequers_big_river, minivault_1

Skill      XL: |  1  2  3  4  5  6  7  8 |
---------------+-------------------------+-----
Dodging        | 3 4 5 |  5.0
Fighting       | 4 5 6 |  6.1
Long Blades    | 3 4 5 |  5.0
Shields        | 4 5 |  5.5

Action                   |  1- 3 |  4- 6 |  7- 9 || total
-------------------------+-------+-------+-------++-------
Melee: Long sword        |   163 |   206 |    76 ||   445
       Tailslap          |    15 |    33 |    11 ||    59
Throw: Stone             |     6 |       |       ||     6
       Dart              |       |     4 |       ||     4
 Abil: Breathe Acid      |       |       |     8 ||     8
  Use: Scroll            |       |    10 |     1 ||    11
       Potion            |       |     1 |       ||     1
 Stab: Sleeping          |     2 |     1 |       ||     3
Armor: Skin              |    48 |    69 |    25 ||   142
Dodge: Dodged            |    91 |   154 |    49 ||   294
Block: Buckler           |    31 |    45 |    23 ||    99

Table legend: (Time is in decaauts)
 A = Elapsed time spent in this place.
 B = Non-inter-level travel time spent in this place.
 C = Inter-level travel time spent in this place.
 D = Time resting spent in this place.
 E = Time spent auto-exploring this place.
 F = Levels seen in this place.
 G = Mean time per level.
                   A        B        C        D        E       F      G
               +--------+--------+--------+--------+--------+-----+--------+
         Total |   7388 |   7244 |    144 |   1126 |   4781 |   7 | 1055.4 |
       Dungeon |   7388 |   7244 |    144 |   1126 |   4781 |   7 | 1055.4 |
               +--------+--------+--------+--------+--------+-----+--------+

Top non-repeatable levels by time:
     D:3: 1988 daAuts
     D:2: 1466 daAuts
     D:4: 1419 daAuts
     D:1: 1308 daAuts
     D:5: 1166 daAuts
     D:9: 37 daAuts
     D:6: 1 daAuts
